 Dungeon Crawl Stone Soup version 0.20.1-1-g8b1a95d (webtiles) character file.

104455 Mlkhall the Earth Mage (level 16, -2/100 HPs)
             Began as a Gargoyle Earth Elementalist on Aug 22, 2017.
             Was a High Priest of Vehumet.
             Slain by a red ugly thing (13 damage)
             ... on level 14 of the Dungeon on Sept 13, 2017.
             The game lasted 02:48:52 (35190 turns).

Mlkhall the Earth Mage (GrEE)                      Turns: 35190, Time: 02:48:55

Health: -2/100     AC: 37    Str: 11    XL:     16   Next: 38%
Magic:  28/63      EV: 11    Int: 35    God:    Vehumet [*****.]
Gold:   1337       SH:  5    Dex: 10    Spells: 11/40 levels left

rFire    . . .     SeeInvis +   p - staff of power
rCold    . . .     Gourm    +   r - +0 buckler
rNeg     + . .     Faith    .   E - +2 leather armour of the Hidden Vale {Int+6 Stlth+}
rPois    ∞         Spirit   .   Y - +3 hat of Pondering {ponderous, MR+ MP+10 Int+5}
rElec    +         Reflect  .   M - +2 cloak
rCorr    .         Harm     .   P - +2 pair of gloves
MR       ++...                  j - +0 pair of boots
Stlth    +++.......             R - amulet "Wot Waph" {Gourm SInv}
Regen    0.3/turn               z - ring of magical power
MPRegen  0.4/turn               H - +6 ring of protection

@: slow
A: big wings, thin metallic scales 1, low mp 1, negative energy resistance 1,
electricity resistance, unbreathing, petrification resistance, rot immunity, AC
+11
a: Fly, Renounce Religion


You were on level 14 of the Dungeon.
You worshipped Vehumet.
Vehumet was extremely pleased with you.
You were not hungry.

You visited 6 branches of the dungeon, and saw 25 of its levels.
You also visited: Labyrinth.

You collected 1337 gold pieces.

Inventory:

Missiles
 b - 516 stones (quivered)
Armour
 j - a +0 pair of boots (worn)
 r - a +0 buckler (worn)
 E - the +2 leather armour of the Hidden Vale (worn) {Int+6 Stlth+}
   (You found it on level 5 of the Dungeon)

   It affects your intelligence (+6).
   It makes you more stealthy.
 M - a +2 cloak (worn)
 P - a +2 pair of gloves (worn)
 Y - the +3 hat of Pondering (worn) {ponderous, MR+ MP+10 Int+5}
   (You took it off Gastronok on level 1 of the Lair of Beasts)

   It affects your intelligence (+5).
   It affects your resistance to hostile enchantments.
   It affects your magic capacity (+10).
Magical Staves
 p - an uncursed staff of power (weapon)
Jewellery
 e - an uncursed ring of protection from magic
 x - an uncursed ring of protection from magic
 z - a ring of magical power (left hand)
 H - a +6 ring of protection (right hand)
 R - the amulet "Wot Waph" (around neck) {Gourm SInv}
   (You found it on level 2 of the Lair of Beasts)

   [amulet of the gourmand]

   It allows you to eat raw meat even when not hungry.
   It lets you see invisible.
Wands
 S - a wand of disintegration (6/24)
 T - a wand of digging (13/24)
 U - a wand of paralysis (10/24)
Scrolls
 c - 5 scrolls of recharging
 g - 6 scrolls of teleportation
 k - 16 scrolls of remove curse
 q - a scroll of holy word
 s - 5 scrolls of magic mapping
 y - 8 scrolls of identify
 N - a scroll of blinking
 O - a scroll of enchant armour
 Q - 2 scrolls of fear
 X - 2 scrolls of enchant weapon
 Z - 3 scrolls of amnesia
Potions
 a - 3 potions of berserk rage
 f - 3 potions of invisibility
 h - 3 potions of haste
 u - 2 potions of cancellation
 w - 3 potions of might
 A - 3 potions of flight
 B - 4 potions of heal wounds
 C - 2 potions of magic
 D - 7 potions of curing
 F - 4 potions of ambrosia
 G - 3 potions of brilliance
 V - 5 potions of lignification
Books
 t - the Tome of Dislocation
   (You found it in a labyrinth)

   Spells                             Type                      Level
   a - Apportation                    Translocation                1
   b - Blink                          Translocation                2
   c - Portal Projectile              Hexes/Translocation          3
   d - Dispersal                      Translocation                6
   e - Controlled Blink               Translocation                8
   f - Disjunction                    Translocation                8
Comestibles
 d - 17 bread rations
 i - 21 royal jellies
 n - 11 meat rations
 K - 22 fruits


   Skills:
 + Level 11.5 Fighting
 - Level 11.9 Armour
 - Level 1.5 Dodging
 - Level 2.1 Stealth
 - Level 5.5 Shields
 + Level 12.7 Spellcasting
 + Level 14.9 Conjurations
 - Level 0.7 Transmutations
 - Level 16.5 Earth Magic


You had 11 spell levels left.
You knew the following spells:

 Your Spells              Type           Power        Failure   Level  Hunger
a - Sandblast             Erth           ######       0%          1    None
b - Stone Arrow           Conj/Erth      ######       0%          3    None
c - Lee's Rapid Deconstr  Erth           #######...   1%          5    None
d - Petrify               Tmut/Erth      ######..     1%          4    None
e - Passwall              Tmut/Erth      ######....   1%          2    None
f - Iron Shot             Conj/Erth      #######...   1%          6    ###....
g - Apportation           Tloc           ###...       2%          1    None
h - Shroud of Golubria    Chrm/Tloc      ###.......   3%          2    None
i - Blink                 Tloc           N/A          3%          2    None
j - Regeneration          Chrm/Necr      ###.......   7%          3    None


Dungeon Overview and Level Annotations

Branches:
Dungeon (15/15)            Temple (1/1) D:7            Lair (6/6) D:11
  Swamp (1/4) Lair:2       Spider (0/4) Lair:4        Slime (0/5) Lair:6
    Orc (1/2) D:9          Vaults (0/5) D:14         Depths (1/5) D:15

Altars:
Ashenzari
Cheibriados
Dithmenos
Elyvilon
Fedhas
Gozag
Hepliaklqana
Kikubaaqudgha
Makhleb
Nemelex Xobeh
Okawaru
Qazlal
Ru
Sif Muna
Trog
Uskayaw
Vehumet
Xom
Yredelemnul
Zin
The Shining One
Beogh

Shops:
D:4 %   D:14 [

Annotations:
Depths:1 exclusion: orange crystal statue


Innate Abilities, Weirdness & Mutations

You are resistant to torment.
Your stone body is resilient. (AC +11)
You are immune to poison.
Your large and strong wings let you fly indefinitely.
You resist negative energy. (rN+)
You are resistant to electric shocks. (rElec)
You can survive without breathing.
You are immune to petrification.
You are immune to rotting.
You are partially covered in thin metallic scales. (AC +2)
Your magical capacity is low. (-10% MP)


Message History

Aiming: Stone Arrow
Press: ? - help, Shift-Dir - straight line, f - red ugly thing
Aim: a red ugly thing The stone arrow hits the red ugly thing.
The red ugly thing is moderately wounded.
You block the red ugly thing's attack. The red ugly thing claws you!
You are engulfed in flames!!
* * * LOW HITPOINT WARNING * * *
Casting: Stone Arrow
Confirm with . or Enter, or press ? or * to list all spells.
Aiming: Stone Arrow
Press: ? - help, Shift-Dir - straight line, f/p - red ugly thing
Aim: a red ugly thing (moderately wounded)
The stone arrow hits the red ugly thing.
The red ugly thing is severely wounded.
The red ugly thing claws you but does no damage.
The red ugly thing claws you!
* * * LOW HITPOINT WARNING * * *
You are engulfed in flames!
You die...

#.......##....##...##...
##'#######....#.........
#.......#.....#.........
#(......#.....#.........
#.......#.....#.........
#.......#.....#.........
#.∩.....#.....#....####'
#......uuu....#.:>.##...
#.....>@#.....#.....#<..
#.......##....#.....#...
#.......##....#.....#...
#.......#.....#.....#...
#.......#.....#.....#...
#.......#.....#.....#...
#.......#.....#.....#÷..
#.......'.....#.....#...
#.......#.....#.....#...


You could see 3 ugly things.

Vanquished Creatures
  Gastronok (Lair:1)
  5 dire elephants (Lair:6)
  Josephine (D:15)
  A minotaur (Lab)
  11 hydras
  2 death knights
  An anaconda (Lair:6)
  2 centaur warriors
  2 ogre magi
  14 two-headed ogres
  An orc high priest (D:15)
  Sonja (D:15)
  8 skeletal warriors
  An unseen horror (shapeshifter) (D:14)
  A wizard (D:15)
  A wolf spider zombie (D:15)
  Pikel (D:7)
  9 ugly things
  2 orc knights (D:15)
  A deep elf mage (D:15)
  2 orc sorcerers (D:15)
  2 oklob plants
  A cyclops (D:15)
  3 manticores
  A naga mage (D:15)
  7 elephants
  7 centaur zombies
  5 black mambas
  20 spiny frogs
  A torpor snail (Lair:5)
  7 centaur skeletons
  3 freezing wraiths
  A rime drake (Lair:5)
  10 komodo dragons
  3 kobold demonologists (D:15)
  5 yaktaurs (D:15)
  An efreet (D:15)
  3 trolls
  A queen bee (D:9)
  6 meliai (D:15)
  A tyrant leech (Swamp:1)
  A hornet (D:14)
  3 blink frogs (Lair:1)
  16 slime creatures
  22 dream sheep
  13 hippogriffs
  The ghost of Enish the Fighter, an amateur HuWn of Okawaru (D:6)
  3 shadows
  5 wyverns
  4 basilisks
  8 wraiths
  51 yaks
  2 hungry ghosts
  14 vampire mosquitoes
  An acid dragon (D:11)
  A soldier ant (D:13)
  Duvessa (D:7)
  10 water moccasins
  7 porcupines
  4 slaves (D:7)
  2 swamp drakes
  21 orc warriors
  3 sky beasts
  4 ice beasts
  11 ogres
  2 black bears
  2 necrophages
  4 phantoms
  8 wolves
  An eye of draining (D:11)
  8 centaurs
  4 boggarts (D:15)
  20 crocodiles
  6 big kobolds
  28 bullfrogs
  A wyvern skeleton (D:13)
  Dowan (D:7)
  21 killer bees
  4 scorpions
  12 wights
  9 howler monkeys
  4 bullfrog zombies
  12 crimson imps
  A quasit (D:5)
  10 hounds
  3 bullfrog skeletons
  2 jellies (Lair:6)
  10 orc priests
  14 orc wizards
  Crazy Yiuf (D:7)
  An iguana (D:8)
  13 worker ants
  The ghost of Biabri the Digger, a weakling FoEE (D:12)
  A hound skeleton (D:9)
  A howler monkey zombie (D:11)
  A worker ant zombie (D:8)
  21 adders
  4 gnolls (D:5)
  3 shadow imps
  5 oozes
  An adder zombie (D:5)
  An adder skeleton (D:5)
  A worm (D:4)
  3 leopard geckos
  69 orcs
  A ball python (D:4)
  9 bats
  5 giant cockroaches
  9 goblins
  13 hobgoblins
  15 jackals
  3 quokkas
  11 frilled lizards
  A giant cockroach zombie (D:6)
  24 kobolds
  A leopard gecko skeleton (D:4)
  A quokka skeleton (D:9)
  8 rats
  A plant (Lair:6)
780 creatures vanquished.

Vanquished Creatures (others)
  A komodo dragon (Lair:6)
  A yak (Lair:6)
  12 fungi
  46 plants
60 creatures vanquished.

Grand Total: 840 creatures vanquished

Notes
Turn   | Place    | Note
-------+----------+-------------------------------------------
     0 | D:1      | Mlkhall the Gargoyle Earth Elementalist began the quest for the Orb.
     0 | D:1      | Reached XP level 1. HP: 10/10 MP: 3/3
   669 | D:1      | Reached XP level 2. HP: 16/16 MP: 5/5
   688 | D:1      | Reached skill level 4 in Earth Magic
  1085 | D:1      | Reached skill level 1 in Fighting
  1362 | D:1      | Reached XP level 3. HP: 11/20 MP: 6/6
  1871 | D:1      | Reached XP level 4. HP: 26/26 MP: 7/7
  2536 | D:2      | Reached skill level 5 in Earth Magic
  2800 | D:2      | Reached XP level 5. HP: 26/30 MP: 9/9
  2851 | D:2      | Found a sparkling altar of Nemelex Xobeh.
  2852 | D:2      | Found a hazy altar of Hepliaklqana.
  4100 | D:3      | Found a shadowy altar of Dithmenos.
  4423 | D:4      | Found Payfuju's Food Boutique.
  4435 | D:4      | Reached skill level 6 in Earth Magic
  4435 | D:4      | Reached XP level 6. HP: 15/36 MP: 7/10
  4680 | D:4      | Learned a level 3 spell: Stone Arrow
  5191 | D:4      | Noticed a phantom
  5279 | D:4      | Killed a phantom
  5279 | D:4      | Reached skill level 7 in Earth Magic
  5406 | D:4      | Reached XP level 7. HP: 30/41 MP: 12/12
  5833 | D:5      | Entered Level 5 of the Dungeon
  6070 | D:5      | Got a distressingly furry leather armour
  6085 | D:5      | Identified the +2 leather armour of the Hidden Vale {Int+6 Stlth+} (You found it on level 5 of the Dungeon)
  6285 | D:5      | Reached skill level 8 in Earth Magic
  6299 | D:5      | Reached skill level 1 in Armour
  6577 | D:5      | Reached XP level 8. HP: 48/48 MP: 4/14
  6669 | D:5      | Noticed a two-headed ogre
  6692 | D:5      | Killed a two-headed ogre
  6692 | D:5      | Reached skill level 5 in Fighting
  6692 | D:5      | Reached skill level 10 in Earth Magic
  6983 | D:5      | Reached XP level 9. HP: 55/55 MP: 2/15
  7077 | D:5      | Learned a level 5 spell: Lee's Rapid Deconstruction
  7082 | D:5      | Learned a level 4 spell: Petrify
  7097 | D:5      | Found a glowing silver altar of Zin.
  7110 | D:5      | Learned a level 2 spell: Passwall
  7239 | D:5      | Reached skill level 1 in Conjurations
  8299 | D:6      | Found a radiant altar of Vehumet.
  8300 | D:6      | Noticed Enish's ghost (amateur HuWn)
  8326 | D:6      | Killed Enish's ghost
  8330 | D:6      | Gained mutation: You do not regenerate when monsters are visible. [potion of mutation]
  8330 | D:6      | Gained mutation: You have large cloven feet. [potion of mutation]
  8330 | D:6      | Gained mutation: You are dopey. (Int -2) [potion of mutation]
  8330 | D:6      | Gained mutation: You passively map a small area around you. [potion of mutation]
  8335 | D:6      | HP: 1/56 [orc warrior/hand axe (10)]
  8341 | D:6      | Reached skill level 5 in Armour
  8390 | D:6      | Lost mutation: You are dopey. (Int -2) [potion of mutation]
  8390 | D:6      | Lost mutation: You passively map a small area around you. [potion of mutation]
  8390 | D:6      | Lost mutation: You do not regenerate when monsters are visible. [potion of mutation]
  8390 | D:6      | Gained mutation: You are robust. (+10% HP) [potion of mutation]
  8390 | D:6      | Gained mutation: Your mind is acute. (Int +2) [potion of mutation]
  8391 | D:6      | Lost mutation: You are robust. (+10% HP) [potion of mutation]
  8391 | D:6      | Lost mutation: Your mind is acute. (Int +2) [potion of mutation]
  8391 | D:6      | Lost mutation: You have large cloven feet. [potion of mutation]
  8391 | D:6      | Gained mutation: Your magical capacity is low. (-10% MP) [potion of mutation]
  8391 | D:6      | Gained mutation: You are partially covered in thin metallic scales. (AC +2) [potion of mutation]
  8669 | D:6      | Became a worshipper of Vehumet
  8734 | D:6      | Found an iron altar of Okawaru.
  8746 | D:6      | Found a snail-covered altar of Cheibriados.
  9160 | D:7      | Reached skill level 11 in Earth Magic
  9207 | D:7      | Noticed Pikel
  9216 | D:7      | Killed Pikel
  9330 | D:7      | Found a runed door.
  9425 | D:7      | Reached XP level 10. HP: 63/63 MP: 4/14
  9503 | D:7      | Noticed Duvessa
  9503 | D:7      | Noticed Dowan
  9505 | D:7      | Killed Dowan
  9519 | D:7      | Killed Duvessa
  9836 | D:7      | Found a staircase to the Ecumenical Temple.
  9867 | Temple   | Entered the Ecumenical Temple
 10252 | D:7      | Noticed Crazy Yiuf
 10256 | D:7      | Killed Crazy Yiuf
 10807 | D:8      | Reached skill level 5 in Conjurations
 10845 | D:8      | Reached * piety under Vehumet
 10845 | D:8      | Offered knowledge of Flame Tongue by Vehumet.
 11146 | D:8      | Reached skill level 5 in Spellcasting
 11457 | D:8      | Reached skill level 1 in Shields
 11651 | D:9      | Noticed a two-headed ogre
 11668 | D:9      | Killed a two-headed ogre
 11668 | D:9      | Reached skill level 12 in Earth Magic
 11841 | D:9      | Reached XP level 11. HP: 20/67 MP: 6/17
 12206 | D:9      | Offered knowledge of Throw Frost by Vehumet.
 12208 | D:9      | Reached ** piety under Vehumet
 12462 | D:9      | Found a burning altar of Makhleb.
 12697 | D:9      | Offered knowledge of Inner Flame by Vehumet.
 12734 | D:9      | Reached skill level 13 in Earth Magic
 12747 | D:9      | Reached *** piety under Vehumet
 13275 | D:9      | Found a staircase to the Orcish Mines.
 13288 | D:9      | Offered knowledge of Throw Icicle by Vehumet.
 13440 | Orc:1    | Entered Level 1 of the Orcish Mines
 13530 | D:10     | Entered Level 10 of the Dungeon
 13566 | D:10     | Found a blossoming altar of Fedhas.
 13566 | D:10     | Noticed a two-headed ogre
 13573 | D:10     | Killed a two-headed ogre
 13826 | D:10     | Noticed a two-headed ogre
 13842 | D:10     | Killed a two-headed ogre
 14345 | D:10     | Noticed a centaur warrior
 14351 | D:10     | Killed a centaur warrior
 14752 | D:11     | Reached skill level 5 in Shields
 15219 | D:11     | Found a staircase to the Lair.
 15266 | D:11     | Reached **** piety under Vehumet
 15456 | D:11     | Reached skill level 14 in Earth Magic
 15843 | D:11     | Reached XP level 12. HP: 72/72 MP: 15/20
 15908 | D:11     | Offered knowledge of Fireball by Vehumet.
 16463 | Lair:1   | Entered Level 1 of the Lair of Beasts
 17144 | Lair:1   | Noticed a six-headed hydra
 17153 | Lair:1   | Killed a six-headed hydra
 17532 | Lair:1   | Noticed Gastronok
 17542 | Lair:1   | Killed Gastronok
 17542 | Lair:1   | Reached skill level 15 in Earth Magic
 18482 | Lair:2   | Found a labyrinth entrance.
 18528 | Lab      | Entered a labyrinth
 19902 | Lab      | Learned a level 3 spell: Tukima's Dance
 19903 | Lab      | Noticed a minotaur
 19914 | Lab      | Killed a minotaur
 19916 | Lab      | Got a crude pewter ring
 19926 | Lab      | Identified the Tome of Dislocation
 19938 | Lair:2   | Identified the ring of the Coward {rCorr rElec Dex+2} (You took it off a minotaur in a labyrinth)
 20287 | Lair:2   | Reached XP level 13. HP: 80/80 MP: 22/22
 20326 | Lair:2   | Found a sacrificial altar of Ru.
 20356 | Lair:2   | Got a heavily runed ruby amulet
 20358 | Lair:2   | Identified the amulet "Wot Waph" {Gourm SInv} (You found it on level 2 of the Lair of Beasts)
 20503 | Lair:2   | Found a staircase to the Swamp.
 20509 | Lair:2   | Reached ***** piety under Vehumet
 20514 | Lair:2   | Offered knowledge of Sticky Flame by Vehumet.
 20522 | Swamp:1  | Entered Level 1 of the Swamp
 21219 | Lair:3   | Reached skill level 16 in Earth Magic
 21396 | Lair:3   | Reached skill level 10 in Conjurations
 22280 | Lair:4   | Found a shimmering altar of Xom.
 22777 | Lair:4   | Found a hole to the Spider Nest.
 23250 | Lair:5   | Reached skill level 10 in Fighting
 23420 | Lair:5   | Offered knowledge of Iron Shot by Vehumet.
 23710 | Lair:5   | Gained mutation: Your large and strong wings let you fly indefinitely. [Gargoyle growth]
 23710 | Lair:5   | Reached XP level 14. HP: 88/88 MP: 24/24
 23722 | Lair:5   | Learned a level 6 spell: Iron Shot
 23959 | Lair:6   | Entered Level 6 of the Lair of Beasts
 24577 | Lair:6   | Reached skill level 10 in Spellcasting
 24929 | Lair:6   | Found a staircase to the Slime Pits.
 25634 | Lair:6   | Noticed a dire elephant
 25634 | Lair:6   | Noticed a dire elephant
 25808 | Lair:6   | Noticed a dire elephant
 25818 | Lair:6   | Killed a dire elephant
 26046 | Lair:6   | Noticed a dire elephant
 26058 | Lair:6   | Killed a dire elephant
 26204 | Lair:6   | Noticed a dire elephant
 26241 | Lair:6   | Noticed a dire elephant
 26272 | Lair:6   | Killed a dire elephant
 26654 | Lair:6   | Killed a dire elephant
 26709 | Lair:6   | Killed a dire elephant
 26798 | Lair:6   | Identified the Grimoire of Supportive Clay
 26807 | Lair:6   | Got a warped ring mail
 26821 | Lair:6   | Identified the +3 ring mail of Serendipity {Slay+5} (You found it on level 6 of the Lair of Beasts)
 27388 | D:12     | Offered knowledge of Lightning Bolt by Vehumet.
 28296 | D:12     | Reached XP level 15. HP: 95/95 MP: 27/27
 29036 | D:12     | Noticed Biabri's ghost (weakling FoEE)
 29036 | D:12     | Killed Biabri's ghost
 30354 | D:14     | Offered knowledge of Bolt of Magma by Vehumet.
 30727 | D:14     | Got a faintly glowing halberd
 31057 | D:14     | Found Lopuwaan's Antique Armour Shop.
 31118 | D:14     | Identified a scroll of acquirement
 31121 | D:14     | Got a translucent bone amulet
 31123 | D:14     | Identified the amulet "Soas" {Harm *Drain +Inv Dex+5} (You acquired it on level 14 of the Dungeon)
 31280 | D:14     | Reached skill level 10 in Armour
 31375 | D:14     | Found a gate to the Vaults.
 31544 | D:15     | Entered Level 15 of the Dungeon
 32075 | D:15     | Noticed Sonja
 32308 | D:14     | Learned a level 1 spell: Apportation
 32311 | D:14     | Learned a level 2 spell: Shroud of Golubria
 32314 | D:14     | Learned a level 2 spell: Blink
 32318 | D:14     | Learned a level 3 spell: Regeneration
 32860 | D:15     | Killed Sonja
 33016 | D:15     | Noticed Josephine
 33038 | D:15     | Killed Josephine
 33049 | D:15     | Offered knowledge of Freezing Cloud by Vehumet.
 33406 | D:15     | Reached XP level 16. HP: 96/100 MP: 29/29
 34423 | D:15     | Found a staircase to the Depths.
 34444 | D:15     | Found a runed door.
 35014 | D:15     | Found a roughly hewn altar of Beogh.
 35118 | Depths:1 | Entered Level 1 of the Depths
 35190 | D:14     | Slain by a red ugly thing

Skill      XL: |  1  2  3  4  5  6  7  8  9 10 11 12 13 14 15 |
---------------+----------------------------------------------+-----
Earth Magic    | 4 5 6 7 8 10 11 12 14 15 16 | 16.5
Fighting       | 1 2 3 4 5 7 8 10 11 | 11.5
Spellcasting   | 3 4 5 7 8 9 11 12 | 12.7
Armour         | 1 3 5 6 8 11 | 11.9
Conjurations   | 3 6 8 9 11 12 14 | 14.9
Shields        | 2 5 |  5.5
Dodging        | |  1.5
Stealth        | |  2.1
Transmutations | |  0.7

Action                   |  1- 3 |  4- 6 |  7- 9 | 10-12 | 13-15 | 16-18 || total
-------------------------+-------+-------+-------+-------+-------+-------++-------
Melee: Unarmed           |    29 |       |       |       |       |       ||    29
       Dagger            |   113 |   565 |   153 |   354 |       |       ||  1185
       Short sword       |       |       |    44 |       |       |       ||    44
       Staff             |       |       |       |    17 |   131 |     8 ||   156
 Cast: Sandblast         |     5 |    13 |    41 |    48 |   105 |    72 ||   284
       Stone Arrow       |       |       |    62 |   323 |  1007 |   160 ||  1552
       Passwall          |       |       |     1 |       |       |       ||     1
       Tukima's Dance    |       |       |       |     2 |       |       ||     2
  Use: Potion            |       |       |     7 |       |       |       ||     7
       Scroll            |       |       |       |    29 |    12 |     1 ||    42
 Stab: Sleeping          |     2 |     2 |     1 |       |       |       ||     5
  Eat: Chunk             |     2 |    11 |    15 |    29 |    43 |     6 ||   106
       Fruit             |       |     1 |     1 |     4 |     2 |       ||     8
       Meat ration       |       |       |       |     1 |       |       ||     1
Armor: Robe              |    52 |   203 |    23 |       |       |       ||   278
       Leather armour    |       |       |   106 |   240 |   384 |    67 ||   797
Dodge: Dodged            |   105 |   392 |   160 |   214 |   304 |    59 ||  1234
Block: Buckler           |       |       |       |    77 |   133 |    27 ||   237
